 Dungeon Crawl Stone Soup version 0.10.4 character file.

195456 MisterOstroum the Crack Shot (level 18, 58/161 HPs)
             Began as a Centaur Monk on Oct 2, 2019.
             Was a High Priest of Okawaru.
             Quit the game on Level 5 of the Shoals on Jan 11, 2020.
             The game lasted 10:03:25 (62777 turns).

MisterOstroum the Crack Shot (Centaur Monk)        Turns: 62777, Time: 10:03:25

HP  58/161       AC 36     Str 26      XL: 18   Next: 48%
MP  29/29        EV  3     Int  9      God: Okawaru [*****.]
Gold 2509        SH  0     Dex 12      Spells:  0 memorised, 17 levels left

Res.Fire  : . . .   See Invis. : +   b - +5,+6 longbow (flame)
Res.Cold  : + . .   Warding    : . . w - +10 plate armour {ponderous}
Life Prot.: . . .   Conserve   : +   (no shield)
Res.Acid. : + . .   Res.Corr.  : +   C - +2 cap
Res.Poison: .       Clarity    : .   v - +2 cloak {rCorr, Cons} {god gift}
Res.Elec. : .       Spirit.Shd : .   i - +0 pair of gauntlets
Sust.Abil.: . .     Stasis     : .   m - +0 centaur barding
Res.Mut.  : .       Ctrl.Telep.: .   (no amulet)
Res.Rott. : .       Levitation : .   l - +4 ring of strength
Saprovore : . . .   Ctrl.Flight: .   V - ring of see invisible

@: quick, somewhat resistant to hostile enchantments, extremely unstealthy
A: claws 1, hooves 3, berserk 1, blurry vision 1, cold resistance 1, deformed
body, herbivore 1, speed 2, fast metabolism 1, tough skin 3, AC +1
a: Heroism, Finesse, Renounce Religion


You were on level 5 of the Shoals.
You worshipped Okawaru.
Okawaru was exalted by your worship.
You were not hungry.

You visited 6 branches of the dungeon, and saw 43 of its levels.
You visited 1 Labyrinth.
You visited 2 portal chambers: bailey, volcano.

You collected 3860 gold pieces.
You spent 1351 gold pieces at shops.

Inventory:

Hand weapons
 a - a +4,+5 demon trident of piercing
 b - a +5,+6 longbow of flame (weapon)
 c - a +4,+1 elven longbow of frost {god gift}
Missiles
 B - 43 +3 arrows of frost
 D - 18 poisoned +2 arrows
 F - 21 +2 arrows
 M - 8 +4 arrows of frost {god gift}
 R - 16 +2 arrows of dispersal {god gift}
 W - 11 +3 arrows of flame (quivered)
 X - 23 +1 arrows
 Y - 27 +0 arrows
 Z - 20 +0 arrows of flame
Armour
 i - a +0 pair of gauntlets (worn)
 m - a +0 centaur barding (worn)
 v - a +2 cloak of preservation (worn) {god gift}
 w - a +10 plate armour of ponderousness (worn)
 C - a +2 cap (worn)
Magical devices
 d - a wand of fireball (11)
 e - a wand of magic darts (13)
 j - a wand of teleportation (10)
 n - a wand of cold (4)
 p - a wand of frost (17)
 q - a wand of lightning (5)
 u - a wand of polymorph other (5)
 A - a wand of slowing (7)
 G - a wand of enslavement (3)
 I - a wand of digging (8)
 K - a wand of fire (9)
 U - a wand of paralysis (8)
Comestibles
 x - 2 bread rations
Scrolls
 g - a scroll of blinking {@r4}
 k - 5 scrolls of fog {!r}
 r - 9 scrolls of teleportation {@r3 !r}
 t - 2 scrolls of magic mapping {@r5 !r}
 Q - a scroll of identify {@r1}
 T - 4 scrolls of recharging
Jewellery
 l - a +4 ring of strength (right hand)
 o - an uncursed amulet of stasis
 y - an uncursed ring of levitation
 z - an uncursed ring of protection from cold
 V - a ring of see invisible (left hand)
Potions
 f - 2 potions of heal wounds {@q2 !q}
 h - 3 potions of restore abilities
 s - 8 potions of curing {@q1 !q}
 E - 2 potions of levitation
 H - 6 potions of speed
 L - a potion of berserk rage
 N - 3 potions of invisibility
 P - a potion of resistance
 S - 7 potions of agility {@q5 !q}
Miscellaneous
 J - a plain deck of defence {drawn: 1}
 O - a disc of storms


   Skills:
 * Level 16.8 Fighting
 - Level 1.0 Maces & Flails
 - Level 12.0 Polearms
 - Level 1.3 Slings
 - Level 21.0 Bows
 + Level 10.1 Armour
 + Level 8.2 Dodging
 - Level 1.2 Stealth
 - Level 9.0 Traps & Doors
 - Level 4.0 Unarmed Combat
 - Level 11.0 Invocations
 - Level 10.1 Evocations


You had 17 spell levels left.
You didn't know any spells.

Dungeon Overview and Level Annotations

Branches:
Dungeon (20/27)            Temple (0/1) D:7             Orc (4/4) D:7
    Elf (0/5) Orc:3          Lair (8/8) D:9           Swamp (4/5) Lair:2
 Shoals (5/5) Lair:6        Slime (0/6) Lair:6        Vault (2/8) D:15
  Crypt: Vault:2-4

Altars:
Ashenzari
Fedhas
Kikubaaqudgha
Nemelex Xobeh
Okawaru
The Shining One
Trog
Vehumet
Xom
Zin
Jiyva

Shops:
D:5: ( D:8: = D:9: [ D:10: [/ D:17: +[=[! Orc:4: %+*+ Shoals:5: (/[

Portals:
Trove: D:19 (give +3 storm dragon armour)

Annotations
D:14 food, 1 exclusion
Swamp:3 Roxanne


Innate Abilities, Weirdness & Mutations

You have hooves in place of feet.
Armour fits poorly on your strangely shaped body.
You digest meat inefficiently.
You cover ground very quickly.
You have a fast metabolism.
You have extremely tough skin (AC +3).
You have sharp fingernails.
You are partially covered in yellow scales (AC +1).
You tend to lose your temper in combat.
Your vision is a little blurry.
Your flesh is cold resistant.


Message History

Y - 26 +0 arrows (gained 2)
There is some shallow water here.
There is some shallow water here.
You now have 2509 gold pieces (gained 21).
W - 15 +3 arrows of flame (gained 3)
There is an open door here.
Items here: ( ))))))))))) [[
There is an open door here.
Items here: ( ))))))))))) [[ A bolt shoots out and hits you!
* * * LOW HITPOINT WARNING * * *
There is a bolt trap here.
You see here 2 bolts.
You enter the shallow water.
Moving in this stuff is going to be slow.
There is some shallow water here.
Really attack while wielding your +5,+6 longbow of flame? [Y]es or [N]o only, please.
Really attack while wielding your +5,+6 longbow of flame?
Press: ? - help, v - describe, . - travel, g - get item
Here: a toadstool A sea snake skeleton.
A blade trap.
You enter the shallow water.
Moving in this stuff is going to be slow.
There is some shallow water here.
Y - 27 +0 arrows (gained 1)
There is some shallow water here.
Things that are here:
a spear; 17 javelins of returning; a leather armour; a merfolk skeleton A merfolk comes into view.
The merfolk shouts!
The merfolk throws a spear.
The spear hits you!
* * * LOW HITPOINT WARNING * * *
Things that are here:
a spear; a glowing spear The merfolk throws a spear.
The spear hits you!
* * * LOW HITPOINT WARNING * * *
Things that are here:
a spear; a +3 arrow of flame
There is an open door here.
Things that are here:
a spear; a runed spear You close the door.
You see here a glowing spear.
You feel like a meek peon again.
A merfolk opens the door.
You see here 2 poisoned javelins.
Drink which item? (? for menu, Esc to quit)
Really quaff
s - 9 potions of curing {@q1 !q}?
You feel better.
The merfolk throws a spear.
The spear hits you!
Unknown command.
Firing (i - inventory. (,) - cycle):
W - 15 +3 arrows of flame (quivered)
Press: ? - help, Shift-Dir - straight line, f - merfolk
Aim: a merfolk, wielding a spear
Okay, then.
Firing (i - inventory. (,) - cycle):
W - 15 +3 arrows of flame (quivered)
Press: ? - help, Shift-Dir - straight line, f - merfolk
Aim: a merfolk, wielding a spear You shoot a +3 arrow of flame.
The +3 arrow of flame hits the merfolk.
The merfolk is moderately wounded.
Firing (i - inventory. (,) - cycle):
W - 14 +3 arrows of flame (quivered)
Press: ? - help, Shift-Dir - straight line, f/p - merfolk
Aim: a merfolk, wielding a spear (moderately wounded)
You shoot a +3 arrow of flame. The +3 arrow of flame hits the merfolk.
The merfolk is severely wounded.
The merfolk throws a spear.
The spear hits you!
Firing (i - inventory. (,) - cycle):
W - 13 +3 arrows of flame (quivered)
Press: ? - help, Shift-Dir - straight line, f/p - merfolk
Aim: a merfolk, wielding a spear (severely wounded)
You shoot a +3 arrow of flame. The +3 arrow of flame hits the merfolk.
The merfolk is almost dead.
The merfolk throws a spear.
The spear hits you!
Firing (i - inventory. (,) - cycle):
W - 12 +3 arrows of flame (quivered)
Press: ? - help, Shift-Dir - straight line, f/p - merfolk
Aim: a merfolk, wielding a spear (almost dead)
You shoot a +3 arrow of flame. The +3 arrow of flame hits the merfolk.
You kill the merfolk!
Okawaru accepts your kill. Something appears before you!
Okawaru grants you a gift!
Press: ? - help, v - describe, . - travel, g - get item 14 runed arrows {god gift}.
There is something else lying underneath.
A floor, spattered with blood.
Firing (i - inventory. (,) - cycle):
W - 11 +3 arrows of flame (quivered)
Press: ? - help, Shift-Dir - straight line, f - you
Okay, then.
There are several objects here.
Pick up 14 runed arrows {god gift}? ((y)es/(n)o/(a)ll/(m)enu/*?g,/q) Pick up a spear? ((y)es/(n)o/(a)ll/(m)enu/*?g,/q)
Okay, then.
You can't carry that many items.
Drop what? (_ for help) (? for menu, Esc to quit)
Okay, then.
Unknown command.
Welcome back, MisterOstroum the Centaur Monk.
Okawaru says: Bring me glory in combat!
Press ? for a list of commands and other information.
Are you sure you want to quit without saving? (Confirm with "yes".)

)##≈≈≈....≈.#.≈≈≈≈≈≈≈≈≈≈≈≈≈≈≈≈ ≈≈
≈)##≈....≈≈...≈≈≈≈≈≈≈≈≈≈≈≈≈≈≈≈≈≈≈
...#....^≈≈≈≈.≈≈≈≈≈≈≈≈≈≈≈≈≈≈≈≈≈≈≈
≈≈.####..≈≈≈≈≈≈≈≈≈∩≈≈≈≈≈≈≈≈≈≈≈≈≈≈
≈..# #....≈≈≈≈≈≈≈≈≈≈≈≈≈≈≈≈≈≈≈≈≈≈
..## ##....≈≈≈≈≈≈≈)≈≈≈≈≈≈≈≈≈≈≈≈≈≈
)### #...≈.....≈≈≈≈≈≈≈≈≈≈≈≈≈≈≈≈≈≈
^..###f.≈≈...#####≈≈≈≈≈≈≈≈≈≈≈≈≈≈≈
≈≈.....≈≈≈..##.)@##≈≈≈≈≈≈≈≈≈≈≈≈≈≈
≈≈≈≈.≈≈≈)≈.##≈...%#≈≈≈≈≈≈≈≈≈≈≈≈≈≈
≈≈≈)≈≈≈≈..).').[≈.#≈≈)≈≈≈≈≈≈≈≈≈≈≈
≈≈≈)≈≈≈≈≈≈.%#≈)≈(.#[.)....≈≈≈≈≈≈≈
≈≈≈≈≈≈≈≈≈≈≈≈##≈((##.≈###..≈≈≈≈≈≈≈
≈≈≈(≈≈≈≈≈≈≈≈≈##'##≈)## ##.≈≈≈≈≈≈≈
≈.≈(≈≈≈≈≈≈≈≈≈≈≈≈≈≈≈))###..(≈≈≈≈≈≈
......≈≈≈≈≈≈≈≈≈≈≈≈≈≈≈..#..≈≈≈≈≈≈≈
......≈≈≈≈≈m≈≈≈≈≈≈≈≈≈≈.|.≈≈≈≈≈≈≈≈


There were no monsters in sight!

Vanquished Creatures
  Nikola (D:16)
  Kirke (Swamp:3)
  Rupert (Shoals:1)
  Agnes (Lair:6)
  Aizul (Shoals:3)
  Ilsuiw (Shoals:5)
  Louise (D:16)
  Maud (Swamp:3)
  A dire elephant (Lair:8)
  Azrael (D:19)
  A minotaur (Lab)
  5 sirens
  A yaktaur captain (D:17)
  A great orb of eyes (D:18)
  Erica (Swamp:2)
  Harold (D:12)
  Josephine (D:10)
  4 merfolk aquamancers (Shoals:5)
  5 merfolk javelineers (Shoals:5)
  19 hydras
  Polyphemus (Shoals:1)
  Nessos (D:14)
  7 alligators
  4 ogre magi
  11 death yaks
  An elf (D:14)
  A merfolk impaler (Shoals:3)
  A stone giant zombie (D:19)
  5 centaur warriors
  A very ugly thing (Swamp:3)
  Nergalle (Swamp:4)
  3 stone giant skeletons
  A hell knight (Port)
  A swamp dragon (Swamp:4)
  Erolcha (D:9)
  6 sea snakes
  3 unseen horrors
  A swamp dragon (shapeshifter) (D:16)
  An ice statue (D:14)
  Pikel (D:4)
  2 red wasps
  2 wizards (D:15)
  Joseph (D:12)
  11 hill giants
  Urug (Swamp:2)
  18 harpies
  5 orc knights
  2 orc sorcerers
  8 cyclopes
  6 griffons
  Maurice (D:10)
  A griffon zombie (D:15)
  15 elephants
  2 black mambas
  An ettin zombie (D:19)
  4 feature mimics
  2 trapdoor spiders
  2 elephant slugs
  2 spiny worm zombies (Vault:1)
  5 rock trolls
  A wolf spider (D:17)
  31 slime creatures
  3 humans
  6 yaktaurs
  Psyche (D:11)
  13 spiny frogs
  An efreet (Vault:1)
  33 ugly things
  A wandering mushroom (D:14)
  2 komodo dragons
  Sonja (Orc:3)
  14 mermaids
  A queen bee (Lair:5)
  7 baby alligators
  21 trolls
  17 snapping turtles
  20 blink frogs
  11 two-headed ogres
  4 bog mummies
  3 basilisks
  4 spectral orcs (Swamp:4)
  45 yaks
  4 fire elementals (D:19)
  A wyvern (D:13)
  15 sharks
  2 vampires
  2 toenail golems (Port)
  Eustachio (Orc:3)
  10 hippogriffs
  3 hungry ghosts
  34 merfolk
  A deep elf fighter (Vault:1)
  4 fire drakes
  29 vampire mosquitoes
  8 water elementals
  5 wraiths
  A wood golem (Vault:1)
  8 war dogs
  4 hogs
  The ghost of MisterOstroum the Vexing, an average HuEn of Trog (D:4)
  5 necrophages
  A yaktaur zombie (D:16)
  3 hell hounds
  17 manticores
  A yaktaur skeleton (Vault:1)
  2 sky beasts
  5 ice beasts
  24 orc warriors
  A freezing wraith (D:19)
  47 swamp worms
  41 insubstantial wisps
  3 phantoms
  A soldier ant (D:17)
  38 ogres
  4 swamp drakes
  3 yellow wasps
  2 yak zombies
  5 tengu (Shoals:4)
  A troll zombie (D:19)
  12 giant goldfish
  5 boring beetles
  A centaur (shapeshifter) (D:15)
  A troll skeleton (D:10)
  23 centaurs
  7 wargs
  Duvessa (D:9)
  9 crocodiles
  An elf zombie (D:12)
  3 lava worms (D:13)
  A boulder beetle zombie (D:19)
  13 giant slugs
  A gnoll sergeant (D:8)
  11 water moccasins
  A brain worm (Vault:1)
  4 giant leeches
  9 agate snails
  22 giant frogs
  Blork the orc (D:6)
  2 basilisk zombies
  16 big kobolds
  A two-headed ogre skeleton (D:10)
  A water moccasin skeleton (D:10)
  A basilisk skeleton (D:9)
  An elf (shapeshifter) (D:16)
  An eye of draining (Vault:1)
  6 jellyfish
  3 lava fish (D:13)
  39 killer bees
  2 ogre zombies
  14 wights
  9 crimson imps
  3 vampire bats (Lair:7)
  7 goliath beetles
  2 big kobold zombies
  4 shadows
  Dowan (D:9)
  A draconian (D:14)
  4 human zombies (D:12)
  2 mottled dragon skeletons
  22 big fish
  A boring beetle simulacrum (D:14)
  9 electric eels
  5 lava snakes (D:13)
  10 hounds
  12 orc priests
  4 iguanas
  3 scorpions
  7 orange rats (Lair:5)
  3 hound skeletons
  26 orc wizards
  7 worker ants
  10 porcupines
  A worker ant zombie (D:10)
  4 deep elf soldiers (Vault:1)
  A human skeleton (D:12)
  9 sheep
  Ijyb (D:3)
  11 jellies
  3 mummies (D:12)
  A goliath beetle zombie (D:16)
  4 boggarts (D:18)
  46 green rats
  A giant centipede zombie (D:12)
  21 gnolls
  An iguana zombie (D:12)
  An adder skeleton (D:13)
  2 giant mites
  18 adders
  3 giant centipedes (Lair:4)
  11 worms
  A grey rat (D:16)
  A bat zombie (D:9)
  2 giant eyeballs
  11 giant geckos
  A gnoll skeleton (D:5)
  An ooze (D:16)
  129 orcs
  3 ball pythons
  9 giant cockroaches
  33 hobgoblins
  21 jackals
  51 kobolds
  10 quokkas
  33 bats
  12 giant newts
  4 giant spores
  32 goblins
  A hobgoblin skeleton (D:6)
  An orc skeleton (D:8)
  A quokka skeleton (D:4)
  34 rats
  10 ballistomycetes
  A butterfly (Shoals:5)
  6 fungi
  8 plants
  11 toadstools
1700 creatures vanquished.

Vanquished Creatures (others)
  A centaur warrior (D:18)
  A sea snake (Shoals:5)
  A two-headed ogre (Vault:1)
  An orc warrior (D:13)
  5 centaurs (D:18)
  An adder (D:5)
  4 humans (Swamp:3)
  3 orcs
  2 goblins
  A hobgoblin (D:16)
  A quokka (D:10)
  A giant newt (D:10)
  A giant spore (D:9)
  A kobold (D:4)
  6 fungi
  2 plants
  41 toadstools
73 creatures vanquished.

Grand Total: 1773 creatures vanquished

Notes
Turn   | Place    | Note
--------------------------------------------------------------
     0 | D:1      | MisterOstroum, the Centaur Monk, began the quest for the Orb.
     0 | D:1      | Reached XP level 1. HP: 17/17 MP: 0/0
   308 | D:1      | Reached XP level 2. HP: 24/24 MP: 1/1
  1091 | D:2      | Reached XP level 3. HP: 23/30 MP: 2/2
  1655 | D:2      | Found an iron altar of Okawaru.
  1663 | D:2      | Became a worshipper of Warmaster Okawaru
  1663 | D:2      | Acquired Okawaru's first power
  1922 | D:3      | Reached XP level 4. HP: 35/38 MP: 2/2
  2110 | D:3      | Found a shimmering altar of Xom.
  2110 | D:3      | Found a shimmering altar of Xom.
  2110 | D:3      | Found a shimmering altar of Xom.
  2110 | D:3      | Found a shimmering altar of Xom.
  2110 | D:3      | Found a shimmering altar of Xom.
  2110 | D:3      | Found a shimmering altar of Xom.
  2113 | D:3      | Found a shimmering altar of Xom.
  2180 | D:3      | Found a blossoming altar of Fedhas.
  2182 | D:3      | Found a sparkling altar of Nemelex Xobeh.
  3027 | D:4      | Noticed MisterOstroum's ghost (average HuEn)
  3222 | D:4      | Killed MisterOstroum's ghost
  3222 | D:4      | Reached XP level 5. HP: 43/45 MP: 1/5
  3263 | D:4      | Noticed Pikel
  3306 | D:4      | Killed Pikel
  3306 | D:4      | Reached skill level 6 in Fighting
  3306 | D:4      | Reached XP level 6. HP: 17/52 MP: 7/7
  3306 | D:4      | Reached XP level 7. HP: 19/59 MP: 7/7
  3965 | D:4      | Found a shattered altar of Ashenzari.
  4002 | D:3      | Noticed Ijyb
  4014 | D:3      | Killed Ijyb
  4207 | D:4      | Gained mutation: Your muscles are strong (Str +1).
  4357 | D:5      | Entered Level 5 of the Dungeon
  4359 | D:5      | Found Utoxeik's Weapon Emporium.
  4663 | D:5      | Reached XP level 8. HP: 54/67 MP: 9/9
  5123 | D:5      | Bought a +0,+0 sling for 16 gold pieces
  5568 | D:6      | Reached skill level 7 in Fighting
  5650 | D:6      | Found an iron altar of Okawaru.
  5768 | D:6      | Found an ancient bone altar of Kikubaaqudgha.
  5941 | D:6      | Noticed Blork the orc
  5958 | D:6      | Killed Blork the orc
  6619 | D:7      | Found a staircase to the Ecumenical Temple.
  6865 | D:7      | Found a staircase to the Orcish Mines.
  6915 | D:7      | Reached XP level 9. HP: 35/74 MP: 7/10
  7830 | D:8      | Found Friojiob's Jewellery Shop.
  8794 | D:8      | Found a glowing silver altar of Zin.
  9033 | D:8      | Reached skill level 8 in Fighting
  9037 | D:8      | Acquired Okawaru's second power
  9317 | D:8      | Received a gift from Okawaru
  9834 | D:8      | Reached skill level 9 in Bows
  9982 | D:9      | Noticed Duvessa
  9982 | D:9      | Noticed Dowan
  9998 | D:9      | Killed Dowan
 10002 | D:9      | Killed Duvessa
 10039 | D:9      | Received a gift from Okawaru
 10039 | D:9      | Reached XP level 10. HP: 58/83 MP: 11/11
 10042 | D:9      | Reached XP level 9. HP: 47/75 MP: 10/11
 10388 | D:9      | Found a staircase to the Lair.
 10406 | D:9      | Noticed a boring beetle
 10422 | D:9      | Killed a boring beetle
 10422 | D:9      | Reached XP level 10. HP: 83/83 MP: 12/12
 10603 | D:9      | Noticed a boring beetle
 10622 | D:9      | Killed a boring beetle
 10622 | D:9      | Reached skill level 10 in Bows
 10870 | D:9      | Found Kleuliash's Antique Armour Emporium.
 10877 | D:9      | Noticed Erolcha
 10884 | D:9      | Killed Erolcha
 10952 | D:9      | Reached skill level 11 in Bows
 11474 | D:10     | Entered Level 10 of the Dungeon
 11609 | D:10     | Found Ritivit's Antique Armour Shop.
 11665 | D:10     | Received a gift from Okawaru
 11706 | D:10     | Reached skill level 12 in Bows
 12009 | D:10     | Noticed Josephine
 12010 | D:10     | Noticed a two-headed ogre skeleton
 12120 | D:10     | Noticed an adder simulacrum
 12133 | D:10     | Killed Josephine
 12146 | D:10     | Killed a two-headed ogre skeleton
 12153 | D:10     | Noticed a troll skeleton
 12165 | D:10     | Killed a troll skeleton
 12165 | D:10     | Reached XP level 11. HP: 92/92 MP: 13/18
 12217 | D:10     | Found Ydiutuug's Magical Wand Shop.
 12382 | D:10     | Received a gift from Okawaru
 12580 | D:10     | Reached skill level 13 in Bows
 12668 | D:10     | Noticed Maurice
 12719 | D:10     | Killed Maurice
 13219 | D:11     | Paralysed by a yellow wasp for 3 turns
 13256 | D:11     | Found a glowing golden altar of the Shining One.
 13304 | D:11     | Received a gift from Okawaru
 13393 | D:11     | Found a labyrinth entrance.
 13404 | Lab      | Entered a Labyrinth
 14048 | Lab      | Reached skill level 14 in Bows
 14852 | D:11     | Noticed Psyche
 14860 | D:11     | Paralysed by Psyche for 2 turns
 14867 | D:11     | Killed Psyche
 15050 | Lair:1   | Entered Level 1 of the Lair of Beasts
 16057 | D:8      | Bought an uncursed ring of see invisible for 165 gold pieces
 16583 | Lair:1   | Reached skill level 15 in Bows
 17157 | Lair:1   | Received a gift from Okawaru
 17525 | Lair:2   | Received a gift from Okawaru
 17894 | Lair:2   | Received a gift from Okawaru
 17902 | Lair:2   | Reached XP level 12. HP: 102/102 MP: 22/22
 18214 | Lair:2   | Received a gift from Okawaru
 18221 | Lair:2   | Gained mutation: Your muscles are strong (Str +2).
 18402 | Lair:2   | Found a staircase to the Swamp.
 18678 | Lair:2   | Was placed under penance by Okawaru
 19424 | Lair:3   | Was forgiven by Okawaru
 20174 | Lair:4   | Received a gift from Okawaru
 21726 | Lair:5   | Received a gift from Okawaru
 21965 | Lair:5   | Reached skill level 16 in Bows
 22546 | Lair:5   | Received a gift from Okawaru
 23075 | Lair:6   | Found a staircase to the Shoals.
 23302 | Lair:6   | Reached XP level 13. HP: 87/111 MP: 22/22
 24079 | Lair:6   | Found a viscous altar of Jiyva.
 24081 | Lair:6   | Found a staircase to the Slime Pits.
 25793 | D:12     | Got a twitching pewter ring
 25801 | D:12     | Noticed Harold
 25815 | D:12     | Killed Harold
 26445 | D:12     | Received a gift from Okawaru
 26746 | D:12     | Noticed Joseph
 26766 | D:12     | Killed Joseph
 27228 | D:12     | Found an ancient bone altar of Kikubaaqudgha.
 28431 | D:13     | Reached skill level 17 in Bows
 29430 | D:14     | Entered Level 14 of the Dungeon
 29430 | D:14     | Noticed Nessos
 29446 | D:14     | Killed Nessos
 29842 | D:14     | Reached XP level 14. HP: 121/121 MP: 24/24
 30350 | D:14     | Received a gift from Okawaru
 31066 | D:14     | Reached skill level 18 in Bows
 31124 | D:14     | Received a gift from Okawaru
 32041 | D:15     | Entered Level 15 of the Dungeon
 32199 | D:15     | Lost mutation: Your muscles are strong (Str +2).
 32199 | D:15     | Lost mutation: Your muscles are strong (Str +1).
 32201 | D:15     | Paralysed by a potion of paralysis for 5 turns
 32399 | D:15     | Found a flagged portal. 32417
                  | bailey
                  | Entered the bailey
 32916 | D:15     | Reached skill level 19 in Bows
 33021 | D:15     | Found a staircase to the Vaults.
 33288 | D:13     | Gained mutation: Your flesh is cold resistant.
 33288 | D:13     | Gained mutation: You have sharp fingernails.
 33288 | D:13     | Gained mutation: You are partially covered in yellow scales (AC +1).
 33341 | D:13     | Received a gift from Okawaru
 33435 | D:12     | Got a heavily runed ring mail {god gift}
 33448 | D:12     | Identified the +0 ring mail of the Arcane {god gift} (Okawaru gifted it to you on level 12 of the Dungeon)
 33577 | D:8      | Bought an uncursed amulet of stasis for 192 gold pieces
 34376 | Lair:7   | Reached skill level 20 in Bows
 34714 | Lair:7   | Received a gift from Okawaru
 35007 | Lair:8   | Entered Level 8 of the Lair of Beasts
 35254 | Lair:8   | Received a gift from Okawaru
 36022 | Lair:8   | Received a gift from Okawaru
 36206 | Lair:8   | Found a dark tunnel.
 36228 | Volcano  | Entered a volcano
 37542 | Orc:1    | Entered Level 1 of the Orcish Mines
 37759 | Orc:1    | Reached XP level 15. HP: 128/128 MP: 25/25
 38573 | Orc:3    | Noticed Eustachio
 38642 | Orc:3    | Received a gift from Okawaru
 38695 | Orc:4    | Entered Level 4 of the Orcish Mines
 38717 | Orc:3    | Noticed Sonja
 38722 | Orc:3    | Reached XP level 14. HP: 121/121 MP: 22/24
 38723 | Orc:3    | Killed Sonja
 38788 | Orc:3    | Killed Eustachio
 38849 | Orc:3    | Found a staircase to the Elven Halls.
 39016 | Orc:4    | Received a gift from Okawaru
 39121 | Orc:4    | Noticed a cyclops
 39131 | Orc:4    | Found Enorruil's Book Boutique.
 39131 | Orc:4    | Noticed an ogre mage
 39131 | Orc:4    | Noticed a two-headed ogre
 39132 | Orc:4    | Noticed a two-headed ogre
 39138 | Orc:4    | Received a gift from Okawaru
 39151 | Orc:4    | Killed an ogre mage
 39154 | Orc:4    | Killed a two-headed ogre
 39156 | Orc:4    | Killed a cyclops
 39179 | Orc:4    | Noticed a rock troll
 39183 | Orc:4    | Noticed a two-headed ogre
 39190 | Orc:4    | Noticed a two-headed ogre
 39204 | Orc:4    | Killed a rock troll
 39207 | Orc:4    | Killed a two-headed ogre
 39217 | Orc:4    | Killed a two-headed ogre
 39253 | Orc:4    | Noticed an ogre mage
 39260 | Orc:4    | Killed an ogre mage
 39281 | Orc:4    | Killed a two-headed ogre
 39302 | Orc:4    | Found Cliak's General Store.
 39345 | Orc:4    | Noticed a two-headed ogre
 39351 | Orc:4    | Killed a two-headed ogre
 39351 | Orc:4    | Received a gift from Okawaru
 39363 | Orc:4    | Reached XP level 15. HP: 128/128 MP: 26/26
 39382 | Orc:4    | Noticed a cyclops
 39392 | Orc:4    | Killed a cyclops
 39397 | Orc:4    | Noticed a rock troll
 39408 | Orc:4    | Killed a rock troll
 39421 | Orc:4    | Found Qiunic's Book Shoppe.
 39437 | Orc:4    | Bought a scroll of enchant weapon II for 60 gold pieces
 39448 | Orc:4    | Found Xeext's Food Boutique.
 39455 | Orc:4    | Noticed a two-headed ogre
 39457 | Orc:4    | Killed a two-headed ogre
 39716 | Orc:4    | Received a gift from Okawaru
 39813 | Orc:4    | Received a gift from Okawaru
 40277 | Swamp:1  | Entered Level 1 of the Swamp
 42273 | Swamp:2  | Noticed Urug
 42279 | Swamp:2  | Killed Urug
 42423 | Swamp:2  | Noticed Erica
 42431 | Swamp:2  | Killed Erica
 43022 | Swamp:2  | Got a great shimmering mace
 43023 | Swamp:2  | Identified the Mace of Variability {chaos} (You found it on level 2 of the Swamp)
 43104 | Swamp:2  | Received a gift from Okawaru
 44030 | Swamp:3  | Noticed Kirke
 44055 | Swamp:3  | Killed Kirke
 45097 | Swamp:3  | Noticed Roxanne
 45748 | Swamp:3  | Noticed Maud
 45787 | Swamp:3  | Killed Maud
 46506 | Swamp:3  | Reached XP level 16. HP: 125/139 MP: 27/27
 47563 | Swamp:4  | Noticed Nergalle
 47626 | Swamp:4  | Killed Nergalle
 48801 | D:16     | Noticed Louise
 48833 | D:16     | Killed Louise
 49362 | D:16     | Noticed Nikola
 49577 | Vault:1  | Entered Level 1 of the Vaults
 50134 | Vault:1  | Received a gift from Okawaru
 50296 | Vault:1  | Got a fine amber ring
 50861 | D:16     | Killed Nikola
 51045 | D:17     | Found Mohooti's Distillery.
 51074 | D:17     | Found Gauzaic's Antique Armour Boutique.
 51739 | D:17     | Found Ylixiseo's Jewellery Shoppe.
 51754 | D:17     | Found Wumuuxat's Armour Emporium.
 51767 | D:17     | Found Clabbor's Book Shop.
 51825 | D:17     | Noticed a yaktaur captain
 51858 | D:17     | Killed a yaktaur captain
 51902 | D:17     | Found a bloodstained altar of Trog.
 53387 | D:18     | Received a gift from Okawaru
 53516 | D:19     | Noticed a fire elemental
 53520 | D:19     | Killed a fire elemental
 53526 | D:19     | Noticed a fire elemental
 53530 | D:19     | Killed a fire elemental
 53534 | D:19     | Noticed Azrael
 53534 | D:19     | Noticed a fire elemental
 53542 | D:19     | Killed a fire elemental
 53549 | D:19     | Noticed a fire elemental
 53552 | D:19     | Killed a fire elemental
 53561 | D:19     | Killed Azrael
 53573 | D:19     | Reached XP level 17. HP: 149/149 MP: 28/28
 53782 | D:19     | Received a gift from Okawaru
 53784 | D:19     | Got a steaming battleaxe {god gift}
 53794 | D:19     | Identified the battleaxe "Haoryo" {god gift, chop, *Rage +Lev rElec} (Okawaru gifted it to you on level 19 of the Dungeon)
 53811 | D:19     | Found a staircase to the Vaults.
 54137 | D:19     | the staircase to the Vaults was a mimic.
 54257 | D:19     | Found a portal to a secret trove of treasure.
 54686 | D:20     | Entered Level 20 of the Dungeon
 55995 | Shoals:1 | Entered Level 1 of the Shoals
 55995 | Shoals:1 | Noticed Agnes
 56006 | Lair:6   | Killed Agnes
 56603 | Shoals:1 | Noticed Polyphemus
 56624 | Shoals:1 | Killed Polyphemus
 56651 | Shoals:1 | Received a gift from Okawaru
 56970 | Shoals:1 | Noticed Rupert
 56989 | Shoals:1 | Killed Rupert
 57077 | Shoals:1 | Gained mutation: Your vision is a little blurry.
 57114 | Shoals:1 | Gained mutation: You tend to lose your temper in combat.
 57901 | Shoals:2 | Found a radiant altar of Vehumet.
 58606 | Shoals:3 | Reached skill level 21 in Bows
 59234 | Shoals:3 | Noticed Aizul
 59274 | Shoals:3 | Killed Aizul
 59274 | Shoals:3 | Reached XP level 18. HP: 107/160 MP: 28/28
 61435 | Shoals:5 | Entered Level 5 of the Shoals
 61435 | Shoals:5 | Noticed Ilsuiw
 61480 | Shoals:5 | Found Mulijan's Armour Emporium.
 61668 | Shoals:5 | Found Laebb's Antique Weapon Boutique.
 61858 | Shoals:5 | Found Ygohiaf's Magical Wand Emporium.
 61872 | Shoals:5 | Bought a wand of digging (8) for 408 gold pieces
 61936 | Shoals:5 | Received a gift from Okawaru
 62244 | Shoals:5 | Bought a wand of fireball (11) for 510 gold pieces
 62536 | Shoals:5 | Killed Ilsuiw
 62776 | Shoals:5 | Received a gift from Okawaru
 62777 | Shoals:5 | Quit the game
